 Dungeon Crawl Stone Soup version 0.30-a0-772-g5528072125 (webtiles) character file.

Game seed: 16629504693270620945

35 dolemite99 the Magician (level 3, 0/25 HPs)
             Began as a Djinni Fire Elementalist on Feb 13, 2023.
             Slain by a hobgoblin
             ... wielding a +0 dagger
              (3 damage)
             ... on level 2 of the Dungeon.
             The game lasted 00:01:50 (1734 turns).

dolemite99 the Magician (Djinni Fire Elementalist)  Turns: 1734, Time: 00:01:51

Health: 0/25       AC:  2    Str:  7    XL:     3   Next: 52%
Gold:   83         EV: 12    Int: 18    God:
                   SH:  0    Dex: 13

rFire   + + .      SeeInvis .    (no weapon)
rCold   x . .      Faith    .    (no shield)
rNeg    . . .      Spirit   .    a - +0 robe
rPois   ∞          Reflect  .    (no helmet)
rElec   .          Harm     .    (no cloak)
rCorr   .          Rampage  .    (no gloves)
Will    .....                    (boots unavailable)
Stlth   ++                       (no amulet)
HPRegen 0.24/turn                (no ring)
MPRegen 0.00/turn                (no ring)

@: on berserk cooldown, attractive, flying, slowed, very slow
A: sickness immunity, fire resistance 2, cold vulnerability 1, float, innate
caster, HP casting, extra vitality 1
a: no special abilities


You were on level 2 of the Dungeon.
You visited 1 branch of the dungeon, and saw 2 of its levels.

You collected 83 gold pieces.

Inventory:

Hand Weapons
 g - a +0 hand axe
Armour
 a - a +0 robe (worn)
Scrolls
 d - 2 scrolls of fog
Potions
 b - a potion of attraction
 c - a potion of flight
 e - a potion of berserk rage
 h - a potion of magic {unknown}
 j - a potion of haste {unknown}
 k - a potion of mutation {unknown}


   Skills:
 - Level 2.1 Dodging
 - Level 1.5 Stealth
 + Level 3.4 Spellcasting


You couldn't memorise any spells.
You knew the following spells:

 Your Spells              Type           Power      Damage    Failure   Level
a - Foxfire               Conj/Fire      60%        2x1d7     3%          1
b - Scorch                Fire           30%        2d7       6%          2
c - Kindle Blastsparks    Fire/Tloc/Air  30%        2d12      12%         3
d - Inner Flame           Hex/Fire       15%        N/A       12%         3
e - Flame Wave            Conj/Fire      15%        2d7       36%         4
f - Kiss of Death         Conj/Necr      60%        2d10      3%          1
Your spell library was empty.

Dungeon Overview and Level Annotations

Branches:
Dungeon (2/15)

Altars:


Innate Abilities, Weirdness & Mutations

You are immune to sickness and miasma.
You are immune to poison.
Your flesh is very heat resistant. (rF++)
You are vulnerable to cold. (rC-)
You float through the air rather than walking.
You learn spells naturally, not from books.
Your magical power is your life essence.
You have superior vitality. (+4 MHP)


Message History

c - 2 smoky cyan potions A gnoll comes into view.
It is wielding a +0 flail.
The hobgoblin hits you with a +0 dagger.
Casting: Foxfire (safe; 3% risk of failure)
Confirm with . or Enter, or press ? or * to list all spells.
You conjure some foxfire!
The hobgoblin hits you with a +0 dagger!
The foxfire hits the hobgoblin.
The hobgoblin is lightly wounded.
The foxfire hits the hobgoblin.
The hobgoblin is moderately wounded.
The hobgoblin hits you with a +0 dagger.
The hobgoblin hits you with a +0 dagger.
The hobgoblin attacks as you move away! The hobgoblin barely misses you.
The hobgoblin throws a javelin.
The javelin misses you.
The hobgoblin throws a javelin.
The javelin pierces through you.
* * * LOW HITPOINT WARNING * * *
It was a potion of berserk rage.
A red film seems to cover your vision as you go berserk!
You feel yourself moving faster!
You feel mighty!
You are too berserk!
Unknown command.
You feel a strong urge to attack something.
You feel your anger nearly subside.
You are no longer berserk.
You are exhausted.
You feel yourself slow down.
The hobgoblin throws a javelin.
The javelin pierces through you.
* * * LOW HITPOINT WARNING * * *
The hobgoblin throws a javelin.
The javelin closely misses you.
As you read the scroll of fog, it crumbles to dust.
The scroll dissolves into smoke.
It was a potion of attraction.
You feel attractive to monsters.
The hobgoblin throws a javelin.
The javelin misses you. The hobgoblin is attracted toward you.
It was a potion of flight.
You feel more buoyant.
The hobgoblin hits you with a +0 dagger.
You die...

#.# #.# #.###.###
##################
#.#.....#
................>#
#.#.#####
#########.##.(...#
#.#.#
#.##.###.###.#.#
#.##.#.§§§...#.#
#.##.#.#§#†....#
#.##.#.#@#(#####
#.##.#.#g#.#
#.##.#.#§#.#
#......#§#.# .
####.###g#g# ..
........# #.#g#
...########## #g#.#
........#######g#<#
..........ggg...###


You could see a hobgoblin.

Vanquished Creatures
  2 adders (D:2)
  6 bats
  An endoplasm (D:2)
  2 giant cockroaches
  3 goblins (D:2)
  3 ball pythons
17 creatures vanquished.

Vanquished Creatures (others)
  47 foxfires
47 creatures vanquished.

Grand Total: 64 creatures vanquished

Notes
Turn   | Place    | Note
-------+----------+-------------------------------------------
     0 | D:1      | dolemite99 the Djinni Fire Elementalist began the quest for
                  | the Orb.
     0 | D:1      | dolemite99 set off with the following spells memorised:
                  | Foxfire, Scorch, Kindle Blastsparks, Inner Flame, Flame
                  | Wave.
     0 | D:1      | Reached XP level 1. HP: 15/15 MP: 0/0
   927 | D:2      | Reached XP level 2. HP: 20/21 MP: 0/0
   965 | D:2      | Reached skill level 3 in Spellcasting
  1056 | D:2      | Reached XP level 3. HP: 23/25 MP: 0/0
  1056 | D:2      | Learned a level 1 spell: Kiss of Death
  1734 | D:2      | Slain by a hobgoblin

Illustrated notes

Levels and vault maps discovered:
D:1:      mushboom_english_gardens, layout_basic
D:2:      layout_basic

Skill      XL: |  1  2 |
---------------+-------+-----
Spellcasting   | 3 |  3.4
Dodging        | |  2.1
Stealth        | |  1.5

Action                     || total
---------------------------++-------
  Melee: Unarmed           ||     2
   Cast: Foxfire           ||    30
         Scorch            ||     1
    Use: Scroll            ||     6
         Potion            ||     3
 Armour: Robe              ||    12
  Dodge: Dodged            ||    49

Table legend: (Time is in decaauts)
 A = Elapsed time spent in this place.
 B = Non-inter-level travel time spent in this place.
 C = Inter-level travel time spent in this place.
 D = Time resting spent in this place.
 E = Time spent auto-exploring this place.
 F = Levels seen in this place.
 G = Mean time per level.
                   A        B        C        D        E       F      G
               +--------+--------+--------+--------+--------+-----+--------+
         Total |   1735 |   1675 |     60 |    198 |   1161 |   2 |  867.5 |
       Dungeon |   1735 |   1675 |     60 |    198 |   1161 |   2 |  867.5 |
               +--------+--------+--------+--------+--------+-----+--------+

Top non-repeatable levels by time:
     D:1: 1107 daAuts
     D:2: 628 daAuts
